 Dungeon Crawl Stone Soup version 0.25.1-2-g60ff931df9 (webtiles) character file.

Game seed: 9828785124428477707

9580 Qrupt the Slinger (level 11, -2/77 HPs)
             Began as a Halfling Arcane Marksman on Oct 13, 2020.
             Was a Priest of Fedhas.
             Slain by an unseen horror (11 damage)
             ... on level 9 of the Dungeon.
             The game lasted 00:53:20 (17401 turns).

Qrupt the Slinger (Halfling Arcane Marksman)       Turns: 17401, Time: 00:53:20

Health: -2/77      AC:  7    Str: 13    XL:     11   Next: 77%
Magic:  12/12      EV: 22    Int: 17    God:    Fedhas [***...]
Gold:   530        SH:  0    Dex: 17    Spells: 8/12 levels left

rFire    + + .     SeeInvis .   Z - +0 short sword (venom)
rCold    x . .     Gourm    .   (shield restricted)
rNeg     . . .     Faith    .   y - +0 robe {rF+}
rPois    .         Spirit   .   k - +0 helmet
rElec    .         Reflect  .   M - +1 cloak
rCorr    .         Harm     .   d - +0 pair of gloves
MR       .....                  e - +0 pair of boots
Stlth    ++........             T - amulet of regeneration
HPRegen  0.62/turn              p - +6 ring of intelligence
MPRegen  0.13/turn              R - ring of fire

@: no status effects
A: small, mutation resistance 1
a: Wall of Briars, Grow Ballistomycete, Renounce Religion


You were on level 9 of the Dungeon.
You worshipped Fedhas.
Fedhas was most pleased with you.
You were not hungry.

You visited 2 branches of the dungeon, and saw 10 of its levels.
You also visited: Bailey.

You collected 530 gold pieces.

Inventory:

Hand Weapons
 a - a +0 hunting sling
 b - a +2 whip of electrocution
 l - a +0 short sword
 N - a +0 war axe of draining
 V - a +2 hand axe of flaming
 Z - a +0 short sword of venom (weapon)
Missiles
 i - 238 stones (quivered)
 m - 28 sling bullets
 r - a throwing net
Armour
 d - a +0 pair of gloves (worn)
 e - a +0 pair of boots (worn)
 k - a +0 helmet (worn)
 n - +0 storm dragon scales
 y - a +0 robe of fire resistance (worn)
 M - a +1 cloak (worn)
Magical Staves
 U - an uncursed staff of conjuration
Jewellery
 p - a +6 ring of intelligence (left hand)
 u - an uncursed amulet of guardian spirit
 v - an uncursed ring of wizardry
 H - a +6 ring of dexterity
 K - an uncursed ring of protection from magic
 R - a ring of fire (right hand)
 T - an amulet of regeneration (around neck)
 Y - a cursed ring of attention {unknown}
Wands
 P - a wand of enslavement (12)
 Q - a wand of clouds (8)
 W - a wand of acid (6)
Scrolls
 c - 7 scrolls of teleportation
 g - 8 scrolls of remove curse
 j - 2 scrolls of amnesia
 o - 2 scrolls of immolation
 t - a scroll of enchant weapon
 w - 2 scrolls of fear
 x - a scroll of blinking
 C - a scroll of noise
 E - a scroll of acquirement {unknown}
 G - a scroll of random uselessness {unknown}
 J - 3 scrolls of enchant armour {unknown}
 X - a scroll of identify
Potions
 q - a potion of flight
 s - a potion of brilliance
 z - 3 potions of mutation
 A - a potion of haste
 B - 2 potions of ambrosia
 D - 2 potions of heal wounds
 F - a potion of invisibility
 I - a potion of degeneration
 L - a potion of stabbing {unknown}
 O - a potion of berserk rage {unknown}
 S - a potion of curing
Comestibles
 f - 18 rations


   Skills:
 + Level 7.9 Fighting
 + Level 10.1 Short Blades
 + Level 12.5 Slings
 + Level 9.7 Dodging
 - Level 1.1 Spellcasting
 + Level 3.3 Hexes
 - Level 3.0 Translocations


You had 8 spell levels left.
You knew the following spells:

 Your Spells              Type           Power        Failure   Level  Hunger
a - Corona                Hex            ##.....      5%          1    ##.....
b - Portal Projectile     Hex/Tloc       ##....       17%         3    ####...

Your spell library contained the following spells:

 Spells                   Type           Power        Failure   Level  Hunger
 Slow                     Hex            ##......     9%          2    ###....
 Sting                    Tmut/Pois      #...         22%         1    ##.....
 Poisonous Vapours        Pois/Air       #.....       32%         2    ###....
 Inner Flame              Hex/Fire       #.......     32%         3    ####...
 Cause Fear               Hex            ##........   50%         4    #####..
 Ignite Poison            Fire/Tmut/Pois #.......     54%         3    ####...
 Mephitic Cloud           Conj/Pois/Air  #.......     54%         3    ####...
 Leda's Liquefaction      Hex/Erth       #.........   71%         4    #####..
 Olgreb's Toxic Radiance  Pois           #.......     91%         4    #####..


Dungeon Overview and Level Annotations

Branches:
Dungeon (9/15)             Temple (0/1) D:7            Lair (1/6) D:9
 Bailey (visited)
    Orc: D:9-12

Altars:
Ashenzari
Dithmenos
Fedhas
Gozag
Makhleb
Nemelex Xobeh
Okawaru
Qazlal
Ru
Sif Muna
Wu Jian
Xom
Yredelemnul
Zin
The Shining One

Shops:
D:5 [

Annotations:
D:6 Grinder
D:7 2 transporters, nyroko's ghost, novice DsCj


Innate Abilities, Weirdness & Mutations

You are small and have problems with some larger weapons.
You are somewhat resistant to further mutation.


Message History

Okay, then.
Something hits you but does no damage.
You closely miss something. Something hits you.
* * * LOW HITPOINT WARNING * * *
Something hits you!
* * * LOW HITPOINT WARNING * * *
Something hits you but does no damage. Something hits you.
* * * LOW HITPOINT WARNING * * *
Something barely misses you. Something hits you.
* * * LOW HITPOINT WARNING * * *
Something hits you.
* * * LOW HITPOINT WARNING * * *
Something barely misses you. Something hits you.
* * * LOW HITPOINT WARNING * * *
Something hits you!
You die...
Fedhas appreciates your contribution to the ecosystem.

.....[[##.#..................#..P
.......##.#..................#...
+#.##.###.#...#.#..).........#...
.#.##..####...###...#........#.≈.
.#............###......≈..#.#####
.#...........................#.##
.#.......##...###.......<...##.##
.#....(..##†#.###).............##
......†.........@.....##....#..##
.#####.###>.#.###.....##.#..#..##
.#####.####.#....................
.................#..............#
######.####.####.###..#####>....#
#####+####.# #.# #..# ###...#
##....(.....# #.# #..# #...#
#...........# #.# #.## #...#
#..........## #.###.#########..#


There were no monsters in sight!

Vanquished Creatures
  Harold (D:7)
  A hydra (D:9)
  A two-headed ogre (D:9)
  Sonja (Lair:1)
  Pikel (D:4)
  Joseph (D:7)
  A cyclops (D:8)
  A spiny frog (Lair:1)
  Prince Ribbit (D:7)
  2 dream sheep (D:9)
  3 yaks (D:9)
  Sigmund (D:6)
  5 orc warriors
  Duvessa (D:4)
  An ice beast (D:9)
  2 sky beasts
  2 slaves
  A necrophage (D:6)
  4 phantoms
  4 ogres
  4 centaurs
  2 crocodiles
  4 big kobolds (D:9)
  3 bullfrogs
  Dowan (D:4)
  A water moccasin skeleton (D:9)
  A wight (D:7)
  2 howler monkeys
  3 crimson imps
  5 hounds
  A quasit (D:9)
  10 orc priests
  Crazy Yiuf (D:5)
  2 jellies
  8 orc wizards
  A bullfrog skeleton (D:8)
  2 iguanas
  12 worker ants
  A hound skeleton (D:6)
  A hound zombie (D:5)
  A mummy (D:7)
  2 worker ant zombies
  A gnoll (D:8)
  13 adders
  6 shadow imps
  2 oozes
  2 adder zombies
  An adder skeleton (D:4)
  2 worms
  4 dart slugs
  5 leopard geckos
  39 orcs
  7 giant cockroaches
  8 goblins
  4 hobgoblins
  7 jackals
  7 quokkas
  4 bats
  5 frilled lizards
  A jackal skeleton (D:5)
  11 kobolds
  4 rats
236 creatures vanquished.

Vanquished Creatures (others)
  A fungus (Lair:1)
  4 plants
5 creatures vanquished.

Grand Total: 241 creatures vanquished

Notes
Turn   | Place    | Note
-------+----------+-------------------------------------------
     0 | D:1      | Qrupt the Halfling Arcane Marksman began the quest for the
                  | Orb.
     0 | D:1      | Reached XP level 1. HP: 12/12 MP: 2/2
   144 | D:1      | Reached XP level 2. HP: 18/18 MP: 3/3
   540 | D:1      | Reached skill level 1 in Fighting
   540 | D:1      | Reached XP level 3. HP: 14/23 MP: 4/4
  1082 | D:2      | Reached skill level 4 in Slings
  1410 | D:2      | Reached XP level 4. HP: 16/28 MP: 5/5
  2114 | D:2      | Reached skill level 1 in Short Blades
  2116 | D:2      | Found a shattered altar of Ashenzari.
  2116 | D:2      | Found a sparkling altar of Nemelex Xobeh.
  3173 | D:3      | Found a burning altar of Makhleb.
  3193 | D:3      | Reached XP level 5. HP: 2/34 MP: 6/6
  3597 | D:3      | Found a stormy altar of Qazlal.
  3600 | D:3      | Reached skill level 5 in Slings
  4268 | D:4      | Found a shimmering altar of Xom.
  4271 | D:4      | Found a shimmering blue altar of Sif Muna.
  4271 | D:4      | Found a basalt altar of Yredelemnul.
  4271 | D:4      | Found an ornate altar of the Wu Jian Council.
  4312 | D:4      | Learned a level 3 spell: Portal Projectile
  4566 | D:4      | Noticed a phantom
  4599 | D:4      | Reached XP level 6. HP: 21/39 MP: 7/7
  4761 | D:4      | Killed a phantom
  5041 | D:4      | Found an opulent altar of Gozag.
  5110 | D:3      | Reached XP level 7. HP: 9/45 MP: 1/8
  5366 | D:4      | Reached skill level 6 in Slings
  5801 | D:4      | Found a blossoming altar of Fedhas.
  5805 | D:4      | Found an opulent altar of Gozag.
  6090 | D:4      | Found a glowing silver altar of Zin.
  6090 | D:4      | Found a sacrificial altar of Ru.
  6192 | D:4      | Found a glowing silver altar of Zin.
  6192 | D:4      | Found a glowing golden altar of the Shining One.
  6192 | D:4      | Found a shimmering altar of Xom.
  6308 | D:5      | Entered Level 5 of the Dungeon
  6597 | D:5      | Reached skill level 1 in Translocations
  6670 | D:5      | Reached XP level 8. HP: 52/52 MP: 7/9
  6821 | D:5      | Found Oggaraz's Antique Armour Emporium.
  6967 | D:5      | Noticed Duvessa
  6967 | D:5      | Noticed Dowan
  7383 | D:5      | Noticed Pikel
  7389 | D:5      | Paralysed by Pikel for 2 turns
  7562 | D:6      | Reached skill level 7 in Slings
  7613 | D:6      | Reached skill level 5 in Dodging
  8104 | D:6      | Noticed Sigmund
  8145 | D:6      | Found an iron altar of Okawaru.
  8553 | D:6      | Noticed Grinder
  8579 | D:6      | Paralysed by Grinder for 6 turns
  8593 | D:6      | Paralysed by Grinder for 6 turns
  8862 | D:4      | Became a worshipper of Fedhas Madash
  8886 | D:5      | Reached skill level 5 in Short Blades
  8906 | D:5      | Reached skill level 8 in Slings
  8993 | D:5      | Reached XP level 9. HP: 57/58 MP: 7/10
  9374 | D:4      | Killed Duvessa
 10191 | D:5      | Paralysed by Pikel for 6 turns
 10311 | D:4      | Killed Dowan
 10472 | D:4      | Killed Pikel
 10472 | D:4      | Reached skill level 5 in Fighting
 10472 | D:4      | Reached skill level 9 in Slings
 10786 | D:5      | Found a runed translucent door.
 10787 | D:5      | Noticed Crazy Yiuf
 10923 | D:5      | Killed Crazy Yiuf
 10923 | D:5      | Reached * piety under Fedhas
 11330 | D:6      | Killed Sigmund
 11766 | D:7      | Noticed Prince Ribbit
 11780 | D:7      | Killed Prince Ribbit
 11780 | D:7      | Reached XP level 10. HP: 66/66 MP: 8/11
 11833 | D:7      | Found a staircase to the Ecumenical Temple.
 12068 | D:7      | Noticed Joseph
 12098 | D:7      | Killed Joseph
 12098 | D:7      | Reached skill level 10 in Slings
 12284 | D:7      | Found a blossoming altar of Fedhas.
 12419 | D:7      | Found a transporter.
 12468 | D:7      | Noticed nyroko's ghost (novice DsCj)
 12470 | D:7      | Identified the +0 great mace "Aptekk" {vorpal, rElec MR+++
                  | Int-3 SInv}
 12603 | D:7      | Found a transporter.
 12629 | D:7      | Found a shadowy altar of Dithmenos.
 12716 | D:7      | Found a transporter.
 12718 | D:7      | Noticed Harold
 12738 | D:7      | Killed Harold
 12963 | D:7      | Found a transporter.
 12970 | D:7      | Noticed a kobold demonologist
 13217 | D:7      | Noticed an ice devil
 13222 | D:7      | Noticed an ice devil
 13375 | D:7      | Noticed an ice devil
 13431 | D:8      | Reached ** piety under Fedhas
 13470 | D:8      | Found a flagged portal.
 13490 | Bailey   | Entered a bailey
 13786 | Bailey   | Noticed an orc high priest
 13790 | Bailey   | Noticed a smoke demon
 13801 | Bailey   | Reached skill level 11 in Slings
 14340 | D:8      | Noticed a cyclops
 14366 | D:8      | Killed a cyclops
 14872 | D:9      | Found a staircase to the Lair.
 14880 | D:9      | Reached XP level 11. HP: 72/72 MP: 12/12
 15421 | D:9      | Reached *** piety under Fedhas
 15807 | D:9      | Noticed a two-headed ogre
 15831 | D:9      | Killed a two-headed ogre
 16026 | D:9      | Noticed a three-headed hydra
 16135 | D:9      | Reached skill level 12 in Slings
 16719 | D:9      | Killed a one-headed hydra
 17071 | Lair:1   | Entered Level 1 of the Lair of Beasts
 17189 | Lair:1   | Noticed Sonja
 17214 | Lair:1   | Killed Sonja
 17214 | Lair:1   | Reached skill level 10 in Short Blades
 17401 | D:9      | Slain by an unseen horror

Illustrated notes

Levels and vault maps discovered:
D:1:      nzn_arrival_crosshair, layout_basic
D:2:      layout_basic, chequers_temple_overflow_statue_of_worship, first_ration
D:3:      layout_loops_ring, makhleb_blood_cavern_becter, old_standard_altar,
          grunt_decor_one_mirror
D:4:      layout_loops_ring, grunt_temple_overflow_open,
          nicolae_overflow_hidden_temple, doesnt_xom_only_xom
D:5:      layout_gridville, enter_ossuary_1, serial_shops, shop,
          uniq_crazy_yiuf_cottage, uniq_duvessa, uniq_pikel
D:6:      minmay_thinvault, layout_loops_ring, kennysheep_little_box,
          uniq_grinder, uniq_sigmund
D:7:      gammafunk_wand_slinger, layout_cave_pools, old_standard_altar,
          temple_hall, gammafunk_ghost_smash, basic_altar, serial_undead,
          serial_undead_e, serial_undead_d, serial_undead_d, serial_undead_f,
          uniq_joseph, uniq_prince_ribbit1, uniq_harold
D:8:      layout_gridville, enter_bailey_2, minmay_between
D:9:      layout_basic, lair_entry_dummy, hangedman_ranch
          [blue_anna_fruit_fields]
Lair:1:   layout_concentric_octagons, basic_altar, portal_ice_cave_rime,
          grunt_megastairs_3, uniq_sonja

Skill      XL: |  1  2  3  4  5  6  7  8  9 10 11 |
---------------+----------------------------------+-----
Fighting       | 1 2 3 4 5 6 7 |  7.9
Slings         | 4 5 6 8 9 11 12 | 12.5
Short Blades   | 1 2 3 4 5 7 8 10 | 10.1
Dodging        | 3 4 5 7 8 9 |  9.7
Translocations | 1 3 |  3.0
Hexes          | 3 |  3.3
Spellcasting   | |  1.1

Action                   |  1- 3 |  4- 6 |  7- 9 | 10-12 || total
-------------------------+-------+-------+-------+-------++-------
Melee: Hand axe          |    19 |       |       |    71 ||    90
       Short sword       |    21 |   120 |    49 |    21 ||   211
       Flail             |       |       |   120 |    32 ||   152
       Whip              |       |       |       |   262 ||   262
       War axe           |       |       |       |     7 ||     7
 Fire: Hunting sling     |    47 |   121 |   405 |    66 ||   639
 Cast: Corona            |     6 |     6 |    64 |    61 ||   137
  Use: Potion            |     1 |     2 |     6 |     1 ||    10
       Scroll            |       |       |    13 |     1 ||    14
 Stab: Sleeping          |     1 |     1 |     2 |     1 ||     5
       Invisible         |       |       |     1 |       ||     1
  Eat: Chunk             |     1 |     6 |    15 |    14 ||    36
       Ration            |       |     2 |     2 |     2 ||     6
Armor: Robe              |    13 |    39 |    54 |    86 ||   192
Dodge: Dodged            |    55 |   137 |   361 |   469 ||  1022
